 Dungeon Crawl Stone Soup version 0.19.0-2-gae57169 (webtiles) character file.

224 Patchouli the Magician (level 5, -2/28 HPs)
             Began as a Deep Elf Ice Elementalist on Nov 4, 2016.
             Slain by an iguana (13 damage)
             ... on level 5 of the Dungeon.
             The game lasted 00:09:59 (1529 turns).

Patchouli the Magician (Deep Elf Ice Elementalist)  Turns: 1529, Time: 00:10:00

Health: -2/28      AC:  2    Str:  5    XL:     5   Next: 67%
Magic:  8/15       EV: 14    Int: 21    God:
Gold:   69         SH:  0    Dex: 19    Spells: 4 memorised, 5 levels left

rFire  . . .     SeeInvis .     e - +2 spear (venom)
rCold  . . .     Gourm    .     m - +0 robe of Contentment {*Drain Dex+4 Stlth+}
rNeg   . . .     Faith    .     (no shield)
rPois  .         Spirit   .     (no helmet)
rElec  .         Reflect  .     (no cloak)
rCorr  .         Harm     .     (no gloves)
MR     .....                    (no boots)
Stlth  +++.......               (no amulet)
                                (no ring)
                                (no ring)

@: very slightly contaminated
A: no striking features
a: no special abilities


You were on level 5 of the Dungeon.
You were not hungry.

You visited 1 branch of the dungeon, and saw 5 of its levels.

You collected 69 gold pieces.

Inventory:

Hand Weapons
 e - a +2 spear of venom (weapon)
 f - a cursed +0 spear
 j - a +0 trident of piercing
Armour
 a - a +0 robe
 m - the +0 robe of Contentment (worn) {*Drain Dex+4 Stlth+}
   (You found it on level 4 of the Dungeon)

   It affects your dexterity (+4).
   It causes draining when unequipped.
   It makes you more stealthy.
Scrolls
 n - 3 scrolls of identify {unknown}
 o - a scroll of amnesia {unknown}
Potions
 d - a potion of resistance
 h - 2 potions of degeneration {unknown}
 l - a potion of haste {unknown}
Books
 b - a book of Frost

   Spells                             Type                      Level
   a - Freeze                         Ice                          1
   b - Throw Frost                    Conjuration/Ice              2
   c - Ozocubu's Armour               Charms/Ice                   3
   d - Throw Icicle                   Conjuration/Ice              4
   e - Summon Ice Beast               Ice/Summoning                4
Comestibles
 c - 2 bread rations
 g - a slice of pizza
 i - a meat ration


   Skills:
 + Level 3.4 Dodging
 - Level 2.4 Stealth
 + Level 5.7 Spellcasting
 - Level 1.1 Conjurations
 * Level 1.5 Summonings
 * Level 4.8 Ice Magic


You had 5 spell levels left.
You knew the following spells:

 Your Spells              Type           Power        Failure   Level  Hunger
a - Freeze                Ice            ####         1%          1    None
b - Throw Frost           Conj/Ice       ###...       6%          2    None
i - Summon Ice Beast      Ice/Summ       ###.....     28%         4    ####...
q - Ozocubu's Armour      Chrm/Ice       ###.....     14%         3    ##.....


Dungeon Overview and Level Annotations

Branches:
Dungeon (5/15)
 Temple: D:4-7

Altars:
Gozag
Ru
Uskayaw
Vehumet


Message History

Aim: an iguana (lightly wounded)
You freeze the iguana.
The iguana seems to slow down.
The iguana is heavily wounded.
The iguana bites you!
Casting: Freeze
Confirm with . or Enter, or press ? or * to list all spells.
Aiming: Freeze
Press: ? - help, Shift-Dir - straight line, f/p - iguana
Aim: an iguana (heavily wounded, slow)
You freeze the iguana.
The iguana is heavily wounded.
Casting: Freeze
Confirm with . or Enter, or press ? or * to list all spells.
Aiming: Freeze
Press: ? - help, Shift-Dir - straight line, f/p - iguana
Aim: an iguana (heavily wounded, slow)
You freeze the iguana.
The iguana is almost dead.
The iguana bites you!
You die...

#.# #.# #.#########
#.........#
###........
#.#####.#
########## ##.##
.>.....l.###...####
#..@..........#
#.######...##.# #
##.## # ###


You could see an iguana.

Vanquished Creatures
  A scorpion (D:4)
  Natasha (thrice) (D:4)
  A worker ant (D:4)
  4 adders
  A dart slug (D:3)
  A leopard gecko (D:4)
  5 orcs (D:4)
  2 giant cockroaches
  6 goblins
  A hobgoblin (D:3)
  3 kobolds
  A quokka (D:3)
  3 bats
  5 frilled lizards
  A rat (D:3)
38 creatures vanquished.

Notes
Turn   | Place    | Note
-------+----------+-------------------------------------------
     0 | D:1      | Patchouli the Deep Elf Ice Elementalist began the quest for the Orb.
     0 | D:1      | Reached XP level 1. HP: 10/10 MP: 6/6
    30 | D:2      | Reached XP level 2. HP: 11/15 MP: 1/8
   199 | D:2      | Reached skill level 4 in Spellcasting
   205 | D:2      | Learned a level 2 spell: Throw Frost
   270 | D:3      | Reached XP level 3. HP: 14/19 MP: 5/10
   275 | D:3      | Learned a level 3 spell: Ozocubu's Armour
   492 | D:4      | Noticed Natasha
   638 | D:3      | Found an opulent altar of Gozag.
   644 | D:3      | Found a radiant altar of Vehumet.
   704 | D:3      | Found a sacrificial altar of Ru.
   840 | D:4      | Noticed a scorpion
   846 | D:4      | Killed a scorpion
   846 | D:4      | Reached skill level 5 in Spellcasting
   846 | D:4      | Reached XP level 4. HP: 24/24 MP: 5/13
   872 | D:4      | Learned a level 4 spell: Summon Ice Beast
   985 | D:4      | Killed Natasha
   985 | D:4      | Reached XP level 5. HP: 14/28 MP: 5/15
  1124 | D:4      | Got a transparent robe
  1135 | D:4      | Noticed Natasha
  1138 | D:5      | Entered Level 5 of the Dungeon
  1149 | D:5      | Identified the cursed +0 robe of Contentment {*Drain Dex+4 Stlth+} (You found it on level 4 of the Dungeon)
  1233 | D:4      | Killed Natasha
  1233 | D:4      | Reached skill level 1 in Summonings
  1299 | D:4      | Noticed Natasha
  1394 | D:4      | Noticed a hand axe
  1395 | D:4      | Noticed a hand axe
  1395 | D:4      | Found a hide-covered altar of Uskayaw.
  1413 | D:4      | Killed Natasha
  1414 | D:4      | Noticed an ogre
  1418 | D:4      | Noticed an ogre
  1529 | D:5      | Slain by an iguana

Skill      XL: |  1  2  3  4  5 |
---------------+----------------+-----
Spellcasting   | 4 5 |  5.7
Ice Magic      | 4 |  4.8
Dodging        | 3 |  3.4
Summonings     | 1 |  1.5
Stealth        | |  2.4
Conjurations   | |  1.1

Action                   |  1- 3 |  4- 6 || total
-------------------------+-------+-------++-------
Melee: Spear             |    19 |     1 ||    20
 Cast: Freeze            |    29 |    14 ||    43
       Throw Frost       |     7 |    14 ||    21
  Use: Scroll            |     1 |     2 ||     3
       Potion            |     1 |       ||     1
 Stab: Sleeping          |     6 |       ||     6
  Eat: Chunk             |       |     2 ||     2
Armor: Robe              |     2 |       ||     2
Dodge: Dodged            |    12 |     6 ||    18
